 Dungeon Crawl Stone Soup version 0.19.1-1-g22dce08 (webtiles) character file.

1038 sveltemanboy the Destroyer (level 8, 0/43 HPs)
             Began as a Tengu Conjurer on Jan 8, 2017.
             Killed by divine providence
             ... invoked by an orc priest
              (18 damage)
             ... on level 5 of the Dungeon.
             The game lasted 00:11:27 (5257 turns).

sveltemanboy the Destroyer (Tengu Conjurer)         Turns: 5257, Time: 00:11:29

Health: 0/43       AC:  3    Str: 13    XL:     8   Next: 24%
Magic:  3/13       EV: 12    Int: 17    God:
Gold:   74         SH:  0    Dex: 16    Spells: 4 memorised, 1 level left

rFire  + . .     SeeInvis .     e - +0 short sword
rCold  + . .     Gourm    .     q - +0 leather armour
rNeg   . . .     Faith    .     (no shield)
rPois  +         Spirit   .     (helmet restricted)
rElec  +         Reflect  .     (no cloak)
rCorr  +         Harm     +     (no gloves)
MR     .....                    (boots unavailable)
Stlth  ++........               h - amulet of harm
                                (no ring)
                                (no ring)

@: mighty, resistant
A: beak, talons 3, able to fly 1
a: Fly


You were on level 5 of the Dungeon.
You were hungry.

You visited 1 branch of the dungeon, and saw 5 of its levels.

You collected 222 gold pieces.
You spent 148 gold pieces at shops.

Inventory:

Hand Weapons
 e - a +0 short sword (weapon)
 p - a +0 glaive
Armour
 q - a +0 leather armour (worn)
Jewellery
 h - an amulet of harm (around neck)
Wands
 f - a wand of flame (22/48)
Scrolls
 i - a scroll of amnesia {unknown}
 l - 2 scrolls of teleportation
 m - a scroll of fear {unknown}
 n - 2 scrolls of remove curse
 s - a scroll of immolation {unknown}
Potions
 a - a potion of curing
 d - a potion of cure mutation
 g - 2 potions of resistance
 k - a potion of lignification
 r - a potion of might
 t - a potion of cancellation
Books
 b - a book of Conjurations

   Spells                             Type                      Level
   a - Magic Dart                     Conjuration                  1
   b - Searing Ray                    Conjuration                  2
   c - Dazzling Spray                 Conjuration/Hexes            3
   d - Fulminant Prism                Conjuration/Hexes            4
   e - Iskenderun's Mystic Blast      Conjuration                  4
   f - Iskenderun's Battlesphere      Conjuration/Charms           5
Comestibles
 c - 4 bread rations
 j - 3 meat rations
 o - a beef jerky


   Skills:
 - Level 1.0 Fighting
 - Level 4.5 Armour
 - Level 2.1 Dodging
 - Level 2.0 Stealth
 - Level 3.0 Spellcasting
 * Level 11.2 Conjurations
 + Level 0.1 Charms


You had one spell level left.
You knew the following spells:

 Your Spells              Type           Power        Failure   Level  Hunger
a - Magic Dart            Conj           ####         1%          1    None
b - Searing Ray           Conj           #####.       1%          2    ##.....
c - Iskenderun's Mystic   Conj           #####...     2%          4    ####...
d - Iskenderun's Battles  Conj/Chrm      ###.....     71%         5    ######.


Dungeon Overview and Level Annotations

Branches:
Dungeon (5/15)
 Temple: D:4-7

Altars:
The Shining One

Shops:
D:5 }*

Annotations:
D:3 markt42's ghost, amateur GrMo


Innate Abilities, Weirdness & Mutations

You have a beak for a mouth.
You have claws for feet.
You can fly.


Message History

An orc wizard comes into view. It is wielding a falchion.
An orc priest comes into view. It is wielding a short sword.
Things that are here:
a dagger; a robe The orc wizard gestures at you while chanting.
The magic dart hits you!
The orc priest calls down the wrath of Beogh upon you.
Beogh smites you! The orc wizard casts a spell at you. The magic dart hits you!
* * * LOW HITPOINT WARNING * * *
It was a potion of resistance.
You feel protected.
It was a potion of curing.
You feel better.
It was a potion of might.
You feel very mighty all of a sudden.
The orc priest shouts!
The orc priest calls down the wrath of Beogh upon you.
Beogh smites you!
You die...

.......(........# #..............
.....#..........# #..............
.....#..........###........).....
.....#...........................
.....#...........#.#..o..........
######..........#...#o.o..##.....
#.......)....∩....#### .....
#########..#...#..# .....
#..@#.#...# ##### #.........#
#...####### #####


You could see 2 orc priests and an orc wizard.

Vanquished Creatures
  The ghost of sveltemanboy the Destroyer, a novice TeCj of Ashenzari (D:5)
  2 ogres
  Blork the orc (D:5)
  A bullfrog (D:4)
  An orc priest (D:5)
  3 orc wizards
  An iguana (D:4)
  4 worker ants
  13 adders
  An ooze (D:2)
  2 dart slugs
  3 leopard geckos (D:2)
  7 orcs
  A ball python (D:1)
  3 giant cockroaches
  7 hobgoblins
  3 jackals (D:3)
  7 bats
  2 frilled lizards
  6 goblins
  3 kobolds
  A quokka skeleton (D:4)
  9 rats
82 creatures vanquished.

Notes
Turn   | Place    | Note
-------+----------+-------------------------------------------
     0 | D:1      | sveltemanboy the Tengu Conjurer began the quest for the Orb.
     0 | D:1      | Reached XP level 1. HP: 10/10 MP: 4/4
   566 | D:1      | Reached XP level 2. HP: 15/15 MP: 3/6
   570 | D:1      | Learned a level 2 spell: Searing Ray
  1110 | D:2      | Reached skill level 6 in Conjurations
  1110 | D:2      | Reached XP level 3. HP: 17/19 MP: 2/7
  1547 | D:2      | Reached XP level 4. HP: 24/24 MP: 5/9
  2048 | D:3      | Found a glowing golden altar of the Shining One.
  2125 | D:3      | Reached skill level 7 in Conjurations
  2280 | D:3      | Gained mutation: You can fly. [Tengu growth]
  2280 | D:3      | Reached XP level 5. HP: 28/28 MP: 5/10
  2340 | D:3      | Noticed markt42's ghost (amateur GrMo)
  2508 | D:3      | Learned a level 4 spell: Iskenderun's Mystic Blast
  2893 | D:3      | Reached skill level 1 in Fighting
  3340 | D:4      | Reached skill level 1 in Armour
  3412 | D:4      | Noticed an ogre
  3418 | D:4      | Killed an ogre
  3418 | D:4      | Reached skill level 8 in Conjurations
  3418 | D:4      | Reached XP level 6. HP: 20/34 MP: 3/11
  4066 | D:4      | Reached skill level 9 in Conjurations
  4329 | D:4      | Reached XP level 7. HP: 18/38 MP: 0/12
  4502 | D:4      | Learned a level 5 spell: Iskenderun's Battlesphere
  4532 | D:5      | Entered Level 5 of the Dungeon
  4537 | D:5      | Found Gedeunu's Assorted Antiques.
  4547 | D:5      | Bought an emerald potion for 16 gold pieces
  4547 | D:5      | Bought 2 amethyst potions for 32 gold pieces
  4547 | D:5      | Bought an emerald potion for 16 gold pieces
  4547 | D:5      | Bought a coppery potion for 16 gold pieces
  4547 | D:5      | Bought a scroll labeled YHILAU IBLY for 18 gold pieces
  4547 | D:5      | Bought a coppery potion for 16 gold pieces
  4547 | D:5      | Bought a scroll labeled HACOOT NAFO for 18 gold pieces
  4547 | D:5      | Bought a grey potion for 16 gold pieces
  4552 | D:5      | Noticed sveltemanboy's ghost (novice TeCj)
  4641 | D:5      | Noticed Blork the orc
  4649 | D:5      | Killed Blork the orc
  4943 | D:5      | Reached skill level 10 in Conjurations
  5107 | D:5      | Found Xenuov's Quality Used Wands.
  5206 | D:5      | Killed sveltemanboy's ghost
  5206 | D:5      | Reached skill level 11 in Conjurations
  5206 | D:5      | Reached XP level 8. HP: 43/43 MP: 0/13
  5257 | D:5      | Killed from afar by an orc priest

Skill      XL: |  1  2  3  4  5  6  7 |
---------------+----------------------+-----
Conjurations   | 6 7 8 9 11 | 11.2
Spellcasting   | 3 |  3.0
Fighting       | 1 |  1.0
Armour         | 2 4 |  4.5
Dodging        | |  2.1
Stealth        | |  2.0
Charms         | |  0.1

Action                   |  1- 3 |  4- 6 |  7- 9 || total
-------------------------+-------+-------+-------++-------
Melee: Unarmed           |     4 |       |       ||     4
       Kick              |     2 |     5 |     2 ||     9
       Short sword       |     1 |    29 |    11 ||    41
       Peck              |     1 |     3 |     3 ||     7
       Spear             |     1 |       |       ||     1
 Cast: Magic Dart        |    48 |    63 |     7 ||   118
       Searing Ray       |     1 |     8 |     7 ||    16
       Iskenderun's Myst |       |     5 |     5 ||    10
  Use: Scroll            |     1 |     2 |     3 ||     6
       Potion            |       |       |     3 ||     3
 Stab: Sleeping          |     1 |       |       ||     1
  Eat: Chunk             |     2 |     9 |     5 ||    16
Armor: Robe              |     1 |     6 |       ||     7
       Leather armour    |       |       |     2 ||     2
Dodge: Dodged            |     7 |    19 |    14 ||    40
